AoeStats
← anguraca

Glade

510424296Analyzed
1v1 RM · 2d ago on Oct 1, 2026· 26m 7s· 2 players
Game mode
Random Map
Map size
Tiny (2 player)
Population
200
Speed
Normal
Resources
Standard
Victory
Conquest
Starting age
Dark Age
Ending age
Imperial Age
RankedLock teamsTeams togetherTeam positionsShared explorationLock speedFull tech treeHidden civsTurbo modeCheats
Victory
Defeat
🇨🇦 Cumans · Canada
1325
+17
🇨🇴 Lithuanians · Colombia
1343
-17
Al Qaex (FR/QC)
9:39 Feudal Age
10:57 Fletching
13:06 Padded Archer Armor
15:59 Double-Bit Axe
17:53 Scale Mail Armor
23:39 Loom
25:58 Castle Age
23:35 Man-at-Arms
24:26 Gold Mining
25:42 Forging
26:21 Arson
27:16 Iron Casting
26:45 Squires
26:07 Long Swordsman
anguraca
7:59 Loom
10:45 Feudal Age
16:44 Castle Age
Connection lost

Rejoining the realm…

Still unreachable

The connection could not be restored.

Session expired

The server has moved on; the page needs a fresh start.